 Dungeon Crawl Stone Soup version 0.30.1-9-gdf580d7c3d (webtiles) character file.

Game seed: 8293814048282381324

2210 monsoonserge the Spear-Bearer (level 9, -3/115 (118) HPs)
             Began as a Minotaur Berserker on Sept 27, 2023.
             Was an Elder of Trog.
             Slain by Menkaure (11 damage)
             ... on level 6 of the Dungeon.
             The game lasted 00:16:54 (5624 turns).

monsoonserge the Spear-Bearer (Minotaur Berserker)  Turns: 5624, Time: 00:16:56

HP:   -3/115 (118)  AC: 12    Str: 26    XL:     9   Next: 13%
MP:   8/8           EV:  9    Int:  4    God:    Trog [****..]
Gold: 489           SH:  0    Dex: 10    Spells: 8/8 levels left

rFire   . . .        a - +0 halberd (protect)
rCold   . . .        (shield currently unavailable)
rNeg    . . .        s - +0 chain mail "Liadaph" {rPois}
rPois   +            (helmet restricted)
rElec   .            z - +0 cloak
rCorr   .            d - +0 pair of gloves
SInv    .            (no boots)
Will    +++..        (no amulet) Stlth
                     g - ring of willpower
HPRegen 1.39/turn    (no ring)
MPRegen 0.11/turn

%: no passive effects
@: berserking, strong-willed, regenerating, lightly drained, very quick
A: horns 2, retaliatory headbutt
a: Renounce Religion, Berserk, Trog's Hand, Brothers in Arms


You were on level 6 of the Dungeon.
You worshipped Trog.
Trog was greatly pleased with you.
You visited 1 branch of the dungeon, and saw 6 of its levels.
You also visited: Ossuary.

You collected 587 gold pieces.
You spent 98 gold pieces at shops.

Inventory:

Hand Weapons
 a - a +0 halberd of protection (weapon)
 b - a +1 shortbow of flaming
 u - a +0 war axe
 y - a +4 spear
 C - the +5 mace of World Downfall {flame, *Corrode Will+ Str+7 Stlth+}
   (You found it on level 5 of the Dungeon)

   Str:       It affects your strength (+7).
   *Corrode:  It may corrode you when you take damage.
   Will:      It increases your willpower.
   Stlth:     It makes you more stealthy.
 N - a +2 trident of protection
Missiles
 h - 7 poisoned darts (quivered)
 v - 4 silver javelins
Armour
 d - a +0 pair of gloves (worn)
 i - a scarf of shadows
 s - the +0 chain mail "Liadaph" (worn) {rPois}
   (You found it on level 3 of the Dungeon)

   rPois:     It protects you from poison.
 w - a +1 leather armour of cold resistance
 x - a +0 chain mail of positive energy
 z - a +0 cloak (worn)
 L - a +1 leather armour of fire resistance
Jewellery
 g - a ring of willpower (left hand)
Wands
 t - a wand of iceblast (7)
 B - a wand of light (18)
Scrolls
 c - 4 scrolls of teleportation
 n - 2 scrolls of amnesia {unknown}
 o - 3 scrolls of immolation
 p - a scroll of noise {unknown}
 q - a scroll of enchant armour {unknown}
 r - 2 scrolls of identify
 A - a scroll of vulnerability {unknown}
 E - a scroll of fear
 F - a scroll of enchant weapon {unknown}
 G - a scroll of fog {unknown}
 M - a scroll of poison {unknown}
Potions
 e - a potion of curing {unknown}
 f - a potion of brilliance {unknown}
 j - 3 potions of haste {unknown}
 k - a potion of ambrosia {unknown}
 l - 2 potions of might {unknown}
 m - 2 potions of flight {unknown}
 D - 2 potions of cancellation
 H - a potion of berserk rage {unknown}
 I - a potion of lignification {unknown}
 J - 2 potions of mutation {unknown}
 K - a potion of attraction {unknown}


   Skills:
 + Level 7.4 Fighting
 + Level 7.1(9.2) Axes
 + Level 9.1(10.2) Polearms
 + Level 2.6 Ranged Weapons
 + Level 0.1 Throwing
 + Level 6.0 Armour
 - Level 3.0 Dodging


You had 8 spell levels left.
You didn't know any spells.
Your spell library contained the following spells:

 Spells                   Type           Power      Damage    Failure   Level
 Apportation              Tloc           0%         N/A       95%         1
 Necrotise                Necr           0%         1d4       95%         1
 Summon Small Mammal      Summ           0%         N/A       95%         1
 Cigotuvi's Dreadful Rot  Necr/Pois/Air  0%         N/A       98%         2
 Dispel Undead            Necr           0%         3d6       100%        4
 Death Channel            Necr           0%         N/A       100%        6


Dungeon Overview and Level Annotations

Branches:
Dungeon (6/15)            Ossuary (visited)
 Temple: D:4-7

Altars:
Cheibriados
Dithmenos
Gozag
Hepliaklqana
Xom

Shops:
D:4 *?

Annotations:
D:3 2 transporters, Ninjinzu's ghost, weakling DsNe
D:6 Menkaure


Innate Abilities, Weirdness & Mutations

You have a pair of horns on your head.
You reflexively headbutt those who attack you in melee.


Message History

You closely miss the iguana. Your headbutt misses the iguana.
The iguana is heavily wounded.
Menkaure closely misses you.
The water moccasin bites you but does no damage.
The iguana bites you.
The water moccasin attacks as you move away!
The water moccasin bites you but does no damage.
Menkaure calls on the powers of darkness!
The water moccasin convulses!
The iguana convulses!
Your body is wracked with pain!
* * * LOW HITPOINT WARNING * * *
You see here 21 gold pieces.
Your skin crawls.
You feel strong-willed.
The water moccasin bites you but does no damage.
The iguana bites you but does no damage.
The water moccasin bites you.
* * * LOW HITPOINT WARNING * * *
Menkaure completely misses you. You furiously retaliate!
You headbutt Menkaure.
A red film seems to cover your vision as you go berserk!
You feel yourself moving faster!
You feel mighty!
The water moccasin bites you but does no damage.
Menkaure hits you but does no damage. The iguana bites you.
* * * LOW HITPOINT WARNING * * *
Unknown command.
Press: ? - help, v - describe, . - travel
Here: a water moccasin (severely wounded)
The floor.
You miss the water moccasin.
The water moccasin is severely wounded.
The water moccasin bites you but does no damage.
Menkaure hits you!!
* * * LOW HITPOINT WARNING * * *
You barely miss the water moccasin.
The water moccasin is severely wounded.
The iguana barely misses you. You furiously retaliate!
You headbutt the iguana!
You kill the iguana!
Trog accepts your kill. The water moccasin misses you. Menkaure hits you!
You die...

##....#.#
###.. #..#
..... ##.##
#....##†.##
..........#
.####.....#
..........#
####...MS.#
##..@..#
#.....#
#.....#
#.....#
###.### #.#
#.# #.#


You could see a water moccasin and Menkaure (fast).

Vanquished Creatures
  Pikel (D:4)
  Prince Ribbit (D:6)
  Sigmund (D:2)
  A water moccasin (D:5)
  An ogre (D:6)
  2 ice beasts
  3 lemures (D:4)
  3 elf zombies (Ossuary)
  2 scorpions
  3 wights (D:6)
  A howler monkey (D:6)
  A centaur zombie (Ossuary)
  2 jellies
  3 iguanas
  Ijyb (D:4)
  2 orc wizards (D:4)
  A hound zombie (Ossuary)
  3 mummies (Ossuary)
  9 adders
  8 gnolls
  2 adder zombies (Ossuary)
  2 worms (D:2)
  2 dart slugs
  11 orcs
  12 endoplasms
  3 giant cockroaches
  3 gnoll zombies (Ossuary)
  7 hobgoblins
  4 jackals
  5 quokkas
  14 ball pythons
  3 bats
  7 frilled lizards
  8 goblins
  2 goblin zombies (Ossuary)
  3 hobgoblin zombies (Ossuary)
  7 jackal zombies (Ossuary)
  6 kobolds
  5 kobold zombies (Ossuary)
  An orc zombie (Ossuary)
  6 rats
  5 rat zombies (Ossuary)
167 creatures vanquished.

Notes
Turn   | Place    | Note
-------+----------+-------------------------------------------
     0 | D:1      | monsoonserge the Minotaur Berserker began the quest for the
                  | Orb.
     0 | D:1      | Reached XP level 1. HP: 19/19 MP: 0/0
   394 | D:1      | Reached XP level 2. HP: 21/27 MP: 1/1
   487 | D:1      | Found a faded altar of an unknown god.
   944 | D:2      | Noticed Sigmund
   959 | D:2      | Killed Sigmund
   960 | D:2      | Reached skill level 5 in Fighting
   960 | D:2      | Reached skill level 5 in Axes
   960 | D:2      | Reached XP level 3. HP: 36/36 MP: 2/2
   960 | D:2      | Reached XP level 4. HP: 42/42 MP: 3/3
   960 | D:2      | Reached XP level 5. HP: 48/48 MP: 4/4
  1255 | D:2      | Reached ** piety under Trog
  2003 | D:3      | Noticed Ninjinzu's ghost (weakling DsNe)
  2004 | D:3      | Found a transporter.
  2014 | D:3      | Found a transporter.
  2234 | D:3      | Reached XP level 6. HP: 53/56 MP: 5/5
  2251 | D:3      | Identified the +0 chain mail "Liadaph" {rPois}
  2678 | D:4      | Found a shadowy altar of Dithmenos.
  2769 | D:4      | Reached *** piety under Trog
  2847 | D:4      | Reached skill level 1 in Ranged Weapons
  2998 | D:4      | You fall into a shaft and drop 1 floor!
  2998 | D:5      | Entered Level 5 of the Dungeon
  3062 | D:5      | Noticed a water moccasin
  3078 | D:5      | Killed a water moccasin
  3087 | D:5      | Reached XP level 7. HP: 48/62 MP: 6/6
  3104 | D:5      | Reached skill level 1 in Polearms
  3117 | D:5      | Found a hazy altar of Hepliaklqana.
  3286 | D:5      | Found an opulent altar of Gozag.
  3349 | D:5      | Identified the +5 mace of World Downfall {flame, *Corrode
                  | Will+ Str+7 Stlth+}
  3364 | D:4      | Found Beil's Magic Scroll Boutique.
  3377 | D:4      | Bought a scroll of teleportation for 42 gold pieces
  3377 | D:4      | Bought a scroll of fear for 56 gold pieces
  3412 | D:5      | Found a sand-covered staircase.
  3419 | Ossuary  | Entered an ossuary
  3475 | Ossuary  | Reached skill level 2 in Polearms
  3562 | Ossuary  | Reached **** piety under Trog
  3577 | Ossuary  | Reached skill level 3 in Polearms
  3691 | Ossuary  | Reached skill level 4 in Polearms
  3864 | D:4      | Noticed Pikel
  3873 | D:4      | Killed Pikel
  3874 | D:4      | Reached skill level 6 in Polearms
  3874 | D:4      | Reached skill level 5 in Armour
  3874 | D:4      | Reached XP level 8. HP: 46/71 MP: 7/7
  4142 | D:4      | Found Xidolai's Neck Hole.
  4480 | D:4      | Noticed Ijyb
  4488 | D:4      | Killed Ijyb
  4489 | D:4      | Reached skill level 7 in Polearms
  5306 | D:5      | Found a shimmering altar of Xom.
  5380 | D:6      | Reached ***** piety under Trog
  5381 | D:6      | Reached skill level 8 in Polearms
  5384 | D:6      | Found a snail-covered altar of Cheibriados.
  5384 | D:6      | Noticed Prince Ribbit
  5518 | D:6      | Killed Prince Ribbit
  5519 | D:6      | Reached XP level 9. HP: 78/79 MP: 8/8
  5545 | D:6      | Reached skill level 9 in Polearms
  5613 | D:6      | Noticed Menkaure
  5624 | D:6      | Slain by Menkaure

Illustrated notes

Levels and vault maps discovered:
D:1:      dpeg_arrival_leaves_temple_mockup, layout_loops_ring,
          dilly_ecumenical_altar_fadedgnrine, st_stairs_11
D:2:      layout_loops_ring, serial_rivers, chequers_serial_rivers_micro_e,
          chequers_serial_rivers_small_3, chequers_serial_rivers_small_a,
          chequers_serial_rivers_small_3, chequers_serial_rivers_micro_a,
          chequers_serial_rivers_room_b, minmay_randomly_rotated_circles,
          uniq_sigmund
D:3:      minmay_inner_zag, layout_loops_ring, gammafunk_ghost_mausoleum,
          minmay_misc_feat_secret_circle, minmay_shallow_snake_nest
D:4:      minmay_bubble_buster, layout_loops_ring, overflow_temple_1_default,
          serial_shops, shop_statue, dreamdust_wishing_well,
          nicolae_shop_sticking_my_neck_out, uniq_pikel, uniq_ijyb
D:5:      layout_basic, mainiacjoe_overflow_alcove_2, kennysheep_mini,
          mainiacjoe_overflow_brackets, chequers_ossuary_entry_cave
D:6:      layout_rooms, mainiacjoe_overflow_six_doors_small,
          general_overflow_altar, lightli_minifort, uniq_menkaure,
          uniq_eustachio, uniq_prince_ribbit1, uniq_edmund

Skill      XL: |  1  2  3  4  5  6  7  8  9 |
---------------+----------------------------+-----
Fighting       | 5 6 7 |  7.4
Axes           | 5 6 7 |  7.1
Dodging        | 3 |  3.0
Armour         | 3 5 6 |  6.0
Ranged Weapons | 2 |  2.6
Polearms       | 6 8 9 |  9.1
Throwing       | |  0.1

Action                     |  1- 3 |  4- 6 |  7- 9 || total
---------------------------+-------+-------+-------++-------
  Melee: Hand axe          |    27 |       |       ||    27
         War axe           |    14 |   115 |       ||   129
         Headbutt          |     2 |    12 |    37 ||    51
         Punch             |       |     2 |       ||     2
         Halberd           |       |    25 |   242 ||   267
         Spear             |       |       |     3 ||     3
   Fire: Shortbow          |       |    21 |       ||    21
  Throw: Dart              |       |       |     2 ||     2
 Invoke: Berserk           |     1 |     1 |     2 ||     4
         Trog's Hand       |       |       |     1 ||     1
    Use: Scroll            |       |       |     3 ||     3
 Armour: Animal skin       |     8 |       |       ||     8
         Robe              |     2 |       |       ||     2
         Ring mail         |       |    36 |       ||    36
         Chain mail        |       |    34 |   140 ||   174
  Dodge: Dodged            |    25 |   114 |    99 ||   238
